 Dungeon Crawl Stone Soup version 0.26.0-10-g1f06aea511 (webtiles) character file.

Game seed: 7619004082049786307

7 Goblin1989 the Sneak (level 1, -9/18 HPs)
             Began as a Demonspawn Delver on Jan 27, 2021.
             Killed by nerve-wracking pain
             ... invoked by a shadow imp
              (12 damage)
             ... on level 5 of the Dungeon.
             The game lasted 00:00:43 (108 turns).

Goblin1989 the Sneak (Demonspawn Delver)             Turns: 108, Time: 00:00:44

Health: -9/18      AC:  3    Str: 12    XL:     1   Next: 91%
Magic:  1/1        EV: 12    Int: 11    God:
Gold:   24         SH:  0    Dex: 14    Spells: 0/0 levels left

rFire    . . .     SeeInvis .   a - +0 mace
rCold    . . .     Faith    .   (no shield)
rNeg     . . .     Spirit   .   b - +0 leather armour
rPois    .         Reflect  .   (no helmet)
rElec    .         Harm     .   (no cloak)
rCorr    .         Rampage  .   (no gloves)
Will     .....                  (no boots)
Stlth    ++........             (no amulet)
HPRegen  0.06/turn              (no ring)
MPRegen  0.07/turn              (no ring)

@: no status effects
A: no striking features
a: no special abilities


You were on level 5 of the Dungeon.
You visited 1 branch of the dungeon, and saw 1 of its levels.

You collected 24 gold pieces.

Inventory:

Hand Weapons
 a - a +0 mace (weapon)
Armour
 b - a +0 leather armour (worn)
Wands
 g - a wand of digging (3) {@v1}
Scrolls
 c - a scroll of fog
 e - a scroll of fear
 M - a scroll of magic mapping
Potions
 f - a potion of haste {@q3,}
 N - a potion of might {unknown}


   Skills:
 - Level 3.0 Fighting
 + Level 2.4 Maces & Flails
 - Level 1.7 Dodging
 - Level 4.5 Stealth


You couldn't memorise any spells.
You didn't know any spells.
Your spell library was empty.

Dungeon Overview and Level Annotations

Branches:
Dungeon (5/15)
 Temple: D:4-7

Altars:


Message History

You become an imperial myrmidon!
Welcome, Goblin1989 the Demonspawn Delver.
Will you prevail where others failed? Will you find the Orb of Zot?
Press ? for a list of commands and other information.
Found a stone staircase leading down.
Found a stone staircase leading down.
Manual exploration OFF.
Manual exploration ON.
Found 8 gold pieces.
You now have 8 gold pieces.
Found 16 gold pieces.
You now have 24 gold pieces (gained 16).
An iguana comes into view.
Found a dagger.
Found a glowing puce potion.
You see here a dagger.
A shadow imp comes into view.
N - a glowing puce potion An orc comes into view.
It is wielding a +0 mace.
An orc comes into view. It is wielding a +0 falchion.
The orc shouts!
You hear a shout! x2
The orc shouts!
You hit the orc.
The orc is heavily wounded.
You hear a bark!
The orc hits you but does no damage.
You hear a bark!
You hear a shout!
You hear a bark!
You hit the orc.
The orc is heavily wounded.
The orc closely misses you.
You hit the orc.
The orc is almost dead.
The orc hits you but does no damage.
A scorpion comes into view.
An orc and an orc wizard come into view.
The orc wizard shouts!
An ufetubus comes into view.
The orc hits you with a +0 mace.
You take 1 damage, and have 17/18 hp.
Health restored: 18 The orc hits you with a +0 mace.
You take 1 damage, and have 17/18 hp.
You hit the orc.
You kill the orc!
The ufetubus barely misses you. x2
Your Maces & Flails skill increases to level 2!
You sock the ufetubus!
You kill the ufetubus!
You closely miss the orc.
The orc is moderately wounded.
The shadow imp hits you. The orc hits you with a +0 falchion.
You take 6 damage, and have 11/18 hp.
MASSIVE DAMAGE!!
You hit the orc.
The orc is severely wounded.
The shadow imp gestures at you. Pain shoots through your body!
* * * LOW HITPOINT WARNING * * *
The orc closely misses you.
You take 5 damage, and have 6/18 hp.
MASSIVE DAMAGE!!
You barely miss the orc.
The orc is severely wounded.
The shadow imp closely misses you.
The shadow imp disappears for a moment.
The shadow imp hits you.
* * * LOW HITPOINT WARNING * * *
You take 2 damage, and have 4/18 hp.
You hit the orc wizard but do no damage.
The shadow imp barely misses you. The orc wizard barely misses you.
You hit the orc wizard.
The orc wizard is lightly wounded.
The shadow imp lashes its tail.
The shadow imp hits you.
* * * LOW HITPOINT WARNING * * *
The orc wizard hits you but does no damage.
You take 1 damage, and have 3/18 hp.
You hit the orc wizard but do no damage.
The orc wizard is lightly wounded.
The shadow imp barely misses you.
The orc wizard hits you but does no damage.
The shadow imp gestures at you. Pain shoots through your body!
Ouch! That really hurt!
You die... █.....███...█ ███.██......█ █ █.██.█.█ █.█ █.█ █.█ █o█ █o█

█@█ █5█ █ █.█ .█
█.██..███
█.████.......█
█......█████.███████
....███)█ █...l....
█5 █.█ █........ █.█
█.█


You could see an orc wizard, a shadow imp and an orc.

Vanquished Creatures
  An ufetubus (D:5)
  An orc (D:5)
2 creatures vanquished.

Notes
Turn   | Place    | Note
-------+----------+-------------------------------------------
     0 | D:5      | Goblin1989 the Demonspawn Delver began the quest for the
                  | Orb.
     0 | D:5      | Reached XP level 1. HP: 18/18 MP: 1/1
    62 | D:5      | Noticed an iguana
    91 | D:5      | Noticed a scorpion
    92 | D:5      | Noticed an orc wizard
   108 | D:5      | Killed from afar by a shadow imp

Illustrated notes

Levels and vault maps discovered:
D:5:      layout_loops_ring, uniq_eustachio

Skill      XL: |  1 |
---------------+----+-----
Maces & Flails | 2 |  2.4
Fighting       | |  3.0
Dodging        | |  1.7
Stealth        | |  4.5

Action                   || total
-------------------------++-------
Melee: Mace              ||    11
Armor: Leather armour    ||     2
Dodge: Dodged            ||     8
